 Dungeon Crawl Stone Soup version 0.29-a0-322-g68df515428 (webtiles) character file.

Game seed: 6724023503765480808

31394 quinnr the Cloud Mage (level 13, -4/72 HPs)
             Began as a Tengu Air Elementalist on Apr 6, 2022.
             Was an Elder of Sif Muna.
             Slain by a death scarab (10 damage)
             ... in a Gauntlet.
             The game lasted 00:53:23 (25389 turns).

quinnr the Cloud Mage (Tengu Air Elementalist)     Turns: 25389, Time: 00:53:24

Health: -4/72      AC: 10    Str:  9    XL:     13   Next: 57%
Magic:  22/32      EV: 25    Int: 20    God:    Sif Muna [****..]
Gold:   480        SH:  7    Dex: 15    Spells: 8/24 levels left

rFire   + + +      SeeInvis .   V - staff of air
rCold   + . .      Faith    .   R - +2 buckler {AC+3}
rNeg    . . .      Spirit   .   a - +1 leather armour of Resilience {Drain rF+++ MP+9 Stlth+}
rPois   .          Reflect  .   (helmet restricted)
rElec   +          Harm     .   x - +2 cloak
rCorr   .          Rampage  .   (no gloves)
Will    .....      NoTele   +   (boots unavailable)
Stlth   +++.......              (no amulet)
HPRegen 0.22/turn               n - +4 ring of evasion
MPRegen 0.23/turn               q - +4 ring of evasion

@: flying quickly and evasively, slowed, very slow
A: beak, talons 3, nimble flight, cold resistance 1
a: Renounce Religion, Channel Magic, Forget Spell, Divine Exegesis


You were in a Gauntlet.
You worshipped Sif Muna.
Sif Muna was greatly pleased with you.
You visited 3 branches of the dungeon, and saw 17 of its levels.
You also visited: Gauntlet.

You collected 739 gold pieces.
You spent 259 gold pieces at shops.

Inventory:

Missiles
 j - 5 atropa-tipped darts
 o - a throwing net
 C - 15 poisoned darts
Armour
 a - the +1 leather armour of Resilience (worn) {Drain rF+++ MP+9 Stlth+}
   (You found it in a Gauntlet)

   rF:        It renders you almost immune to fire.
   MP:        It affects your magic capacity (+9).
   Drain:     It drains your maximum health when unequipped.
   Stlth:     It makes you more stealthy.
 i - +0 ice dragon scales
 w - a +2 buckler
 x - a +2 cloak (worn)
 R - a +2 buckler of protection (worn)
 S - a +2 robe of cold resistance
Magical Staves
 V - a staff of air (weapon)
Jewellery
 n - a +4 ring of evasion (left hand)
 q - a +4 ring of evasion (right hand)
 v - a ring of resist corrosion
 G - a +4 ring of protection
 W - a +6 ring of intelligence
 Y - a ring of ice
Wands
 I - a wand of acid (8)
 J - a wand of digging (13)
 K - a wand of flame (22)
 P - a wand of iceblast (12)
 X - a wand of charming (3)
Scrolls
 c - 10 scrolls of teleportation
 e - 2 scrolls of enchant weapon
 h - a scroll of fog
 l - a scroll of vulnerability
 m - 3 scrolls of amnesia
 D - 5 scrolls of immolation
 E - 2 scrolls of enchant armour
 M - a scroll of torment
 T - a scroll of fear
 U - a scroll of identify
Potions
 b - 4 potions of magic
 d - 3 potions of heal wounds
 f - 2 potions of lignification
 g - 4 potions of brilliance
 k - 2 potions of cancellation
 r - a potion of ambrosia
 u - 6 potions of curing
 z - a potion of flight
 A - 4 potions of attraction
 B - 4 potions of haste
 F - 2 potions of might
 H - a potion of mutation
Miscellaneous
 O - a phial of floods


   Skills:
 + Level 5.0 Fighting
 - Level 8.0 Dodging
 - Level 2.5 Stealth
 - Level 4.0 Shields
 + Level 6.2 Spellcasting
 - Level 1.7 Conjurations
 - Level 4.0 Summonings
 * Level 23.7 Air Magic
 - Level 2.0 Poison Magic
 - Level 1.8 Evocations


You had 8 spell levels left.
You knew the following spells:

 Your Spells              Type           Power      Damage    Failure   Level
a - Shock                 Conj/Air       100%       1d9       1%          1
b - Poisonous Vapours     Pois/Air       100%       N/A       1%          2
c - Static Discharge      Conj/Air       72%        N/A       1%          2
d - Airstrike             Air            50%        N/A       0%          4
e - Summon Lightning Spi  Summ/Air       75%        N/A       1%          4
f - Mephitic Cloud        Conj/Pois/Air  59%        N/A       1%          3

Your spell library contained the following spells:

 Spells                   Type           Power      Damage    Failure   Level
 Swiftness                Air            100%       N/A       0%          3
 Summon Small Mammal      Summ           88%        N/A       3%          1
 Call Imp                 Summ           22%        N/A       5%          2
 Maxwell's Capacitive Co  Air            50%        ∞         8%          8
 Magic Dart               Conj           52%        1d5       10%         1
 Call Canine Familiar     Summ           22%        N/A       11%         3
 Sting                    Tmut/Pois      40%        1d5       13%         1
 Summon Guardian Golem    Hex/Summ       14%        N/A       26%         3
 Olgreb's Toxic Radiance  Pois           14%        N/A       63%         4
 Storm Form               Tmut/Air       34%        N/A       77%         7
 Summon Forest            Summ/Tloc      7%         N/A       93%         5
 Eringya's Noxious Bog    Tmut/Pois      5%         N/A       100%        6
 Summon Hydra             Summ           11%        N/A       100%        7


Dungeon Overview and Level Annotations

Branches:
Dungeon (11/15)            Temple (1/1) D:7            Lair (6/6) D:11
  Slime (0/5) Lair:5          Orc (0/2) D:11        Gauntlet (1/1)
  Swamp: Lair:2-4    Shoals: Lair:2-4     Snake: Lair:2-4    Spider: Lair:2-4

Altars:
Ashenzari
Cheibriados
Dithmenos
Elyvilon
Fedhas
Gozag
Hepliaklqana
Kikubaaqudgha
Makhleb
Nemelex Xobeh
Okawaru
Qazlal
Ru
Sif Muna
Trog
Vehumet
Wu Jian
Xom
Yredelemnul
Zin
Jiyva

Shops:
D:4 (   D:5 *[[   D:7 *   D:10 !(:

Annotations:
D:10 3 runed translucent doors, zazu2006's ghost, journeyman GnWz
Lair:3 exclusions: elephant, rime drake and 1 more exclusion Gauntlet 7 transporters, 1 runed translucent door, exclusion: orange crystal statue


Innate Abilities, Weirdness & Mutations

You have a beak for a mouth.
You have claws for feet.
Your magical nature lets you fly swiftly and evasively.
Your flesh is cold resistant. (rC+)


Message History

Confirm with . or Enter, or press ? or * to list all spells.
Okay, then.
Unknown command.
Casting: Summon Lightning Spire (mildly dangerous; 1% risk of failure)
Confirm with . or Enter, or press ? or * to list all spells.
Aiming: Airstrike (safe; 0% risk of failure)
Press: ? - help, Dir - move target, f - death scarab
Aim: a death scarab (heavily damaged, empty space bonus: 1/8)
You feel a surge of power!
The air twists around and strikes the death scarab!
The death scarab is almost destroyed.
The death scarab completely misses you. The death scarab bites you!
The death scarab drains your vigour!
You feel as though you will be slow longer.
The death scarab draws strength from your injuries!
You block the death scarab's attack. The death scarab bites you!
The death scarab draws strength from your injuries!
Unknown command.
Unknown command.
Unknown command.
Unknown command.
You can't see any enemies this would affect, really read the scroll of fear?
Okay, then.
Okay, then.
Okay, then.
Your lightning spire cannot move out of your way!
Casting: Airstrike (safe; 0% risk of failure)
Confirm with . or Enter, or press ? or * to list all spells.
You feel a surge of power!
An electric hum fills the air.
Your lightning spire disappears in a puff of smoke!
The death scarab completely misses you. The death scarab bites you!!
* * * LOW HITPOINT WARNING * * *
The death scarab drains your vigour!
You feel as though you will be slow longer.
The death scarab draws strength from your injuries!
The spectral boulder beetle barely misses you.
Unknown command.
You miss the death scarab. Your peck misses the death scarab.
The death scarab bites you!
You die...

≈#≈#§#≈#≈#≈#≈#§#§#§#≈#≈##
...§§§...§.....§.§......##
........................≈#
#########.§###########..##
..≈≈....#..#.........#..≈#
≈≈..≈≈≈.#..#.#.##.##.#..##
..≈..≈.≈#..#..8B#..#:#§.§#
.≈.≈≈...####.##Z##.#[#..##
≈≈.©≈..§#©©#..#.@#..©#..§# #
...≈≈.≈.####..##B##.}#..## .##
.≈≈..≈..#..#...#.....#..≈# ....
≈≈.≈≈.≈≈#..#.#.##.##.#..###..#
...≈...)#..#.........#..#....#
#########..###########..#©...##
........................#......
......................∩.#....##
..#########..## ######..#©...#


You could see a spectral boulder beetle, 2 death scarabs and a friendly
lightning spire (summoned).

Vanquished Creatures
  A hydra (D:11)
  2 two-headed ogres (D:10)
  5 elephants
  A gargoyle (D:11)
  A cane toad (Lair:1)
  A komodo dragon (Lair:2)
  A black mamba (Lair:6)
  Psyche (D:11)
  A hellwing (D:9)
  A troll (D:11)
  6 blink frogs
  A harpy skeleton (D:9)
  A slime creature (Gauntlet)
  2 centaur simulacra (Gauntlet)
  2 wyverns
  A wraith (D:10)
  19 yaks
  A vampire (D:10)
  A basilisk (Lair:1)
  Grum (D:8)
  A warg (D:11)
  4 acid dragons
  5 water moccasins
  A meliai simulacrum (Gauntlet)
  4 orc warriors
  5 black bears
  2 ogres
  2 ice beasts
  7 wolves
  5 centaurs
  2 wyvern zombies (D:7)
  4 bullfrogs
  4 necrophages
  A cane toad simulacrum (Gauntlet)
  2 scorpions
  A gnoll sergeant (D:8)
  4 killer bees (D:7)
  6 electric eels
  5 howler monkeys
  4 centaur zombies
  3 hounds
  4 jellies
  3 orc priests
  A human zombie (D:7)
  Crazy Yiuf (D:2)
  Jessica (D:3)
  2 gnoll shamans
  2 iguanas
  8 orc wizards
  A killer bee zombie (D:7)
  2 mummies (D:7)
  A howler monkey zombie (D:7)
  19 gnolls
  8 adders
  A shadow imp (D:6)
  2 white imps
  5 worms
  2 dart slugs (D:3)
  23 orcs
  3 bats
  6 endoplasms
  3 giant cockroaches
  2 goblins
  A hobgoblin (D:1)
  11 jackals
  8 kobolds
  9 quokkas
  9 ball pythons
  6 frilled lizards
  6 rats
272 creatures vanquished.

Vanquished Creatures (collateral kills)
  Fannar (D:11)
  A boulder beetle (D:10)
  4 hydras
  A tengu warrior (D:10)
  Sonja (D:11)
  2 centaur zombies (D:9)
  5 elephants
  A black mamba (Lair:2)
  A centaur skeleton (D:9)
  A rime drake (D:11)
  5 cane toads
  A komodo dragon (Lair:1)
  A hellwing (D:9)
  2 slime creatures (Gauntlet)
  2 blink frogs (Lair:1)
  A centaur simulacrum (Gauntlet)
  6 yaks
  2 wargs (D:11)
  An acid dragon (D:9)
  4 water moccasins (Lair:2)
  An orc warrior (D:11)
  A black bear (D:11)
  3 centaurs (D:11)
  9 wolves
  A bullfrog (Lair:2)
  A gnoll sergeant (D:11)
  6 wights
  A scorpion (D:11)
  5 jellies
  5 gnolls (D:11)
  3 shadow imps (D:9)
  3 orcs (D:11)
  An endoplasm (Lair:5)
83 creatures vanquished.

Vanquished Creatures (others)
  A quokka (D:7)
  28 fungi
  28 plants
  2 withered plants (D:9)
59 creatures vanquished.

Grand Total: 414 creatures vanquished

Notes
Turn   | Place    | Note
-------+----------+-------------------------------------------
     0 | D:1      | quinnr the Tengu Air Elementalist began the quest for the
                  | Orb.
     0 | D:1      | Reached XP level 1. HP: 10/10 MP: 4/4
   238 | D:1      | Reached XP level 2. HP: 15/15 MP: 1/6
  1363 | D:1      | You fall into a shaft and drop 1 floor!
  1433 | D:2      | Reached XP level 3. HP: 13/19 MP: 0/7
  1902 | D:2      | Learned a level 2 spell: Poisonous Vapours
  2100 | D:2      | Found a snail-covered altar of Cheibriados.
  2865 | D:2      | Found a runed translucent door.
  2866 | D:2      | Noticed Crazy Yiuf
  2940 | D:2      | Reached skill level 5 in Air Magic
  2951 | D:2      | Found a faded altar of an unknown god.
  3262 | D:2      | Reached XP level 4. HP: 24/24 MP: 6/8
  3297 | D:2      | Reached skill level 1 in Poison Magic
  3927 | D:3      | Noticed Jessica
  4316 | D:3      | Reached skill level 6 in Air Magic
  4316 | D:3      | Gained mutation: Your magical nature lets you fly swiftly
                  | and evasively. [Tengu growth]
  4316 | D:3      | Reached XP level 5. HP: 28/28 MP: 1/9
  4662 | D:3      | Identified the +7 hand axe of Summertime {drain, Contam
                  | +Blink rN+ Dex+7}
  5103 | D:3      | Killed Jessica
  5104 | D:3      | Reached skill level 7 in Air Magic
  5176 | D:3      | Reached XP level 6. HP: 32/32 MP: 5/10
  5405 | D:2      | Killed Crazy Yiuf
  5517 | D:4      | Found Erilisom's Antique Weapon Shop.
  5711 | D:4      | Noticed an orc warrior
  6504 | D:4      | Learned a level 2 spell: Static Discharge
  6509 | D:4      | Learned a level 4 spell: Airstrike
  6737 | D:4      | Found an ornate altar of the Wu Jian Council.
  6881 | D:4      | Reached skill level 8 in Air Magic
  6881 | D:4      | Reached skill level 1 in Evocations
  7021 | D:4      | Killed an orc warrior
  7022 | D:4      | Reached XP level 7. HP: 13/36 MP: 0/11
  7265 | D:5      | Entered Level 5 of the Dungeon
  7322 | D:5      | Reached skill level 1 in Shields
  7441 | D:5      | Reached skill level 9 in Air Magic
  7471 | D:5      | Found Vuut's Antique Armour Boutique.
  7479 | D:5      | Bought an embroidered cloak for 187 gold pieces
  7659 | D:5      | Found Kullelan's Armour Shoppe.
  8104 | D:5      | Found a stormy altar of Qazlal.
  8114 | D:5      | Reached XP level 8. HP: 41/41 MP: 3/12
  8219 | D:5      | Found Beostrog's General Store.
  8222 | D:5      | Bought a scroll of teleportation for 42 gold pieces
  8393 | D:6      | Reached skill level 10 in Air Magic
  9548 | D:6      | Reached skill level 1 in Fighting
 10344 | D:7      | Reached skill level 11 in Air Magic
 10435 | D:7      | Found an ancient bone altar of Kikubaaqudgha.
 10436 | D:7      | Found a blossoming altar of Fedhas.
 10471 | D:7      | Found a staircase to the Ecumenical Temple.
 10502 | Temple   | Entered the Ecumenical Temple
 10570 | Temple   | Became a worshipper of Sif Muna the Loreminder
 10750 | D:7      | Found Oqusuhoi's General Store.
 10756 | D:7      | Bought 2 potions of degeneration for 30 gold pieces
 10790 | D:7      | Found a white marble altar of Elyvilon.
 11244 | D:7      | Found a basalt altar of Yredelemnul.
 11272 | D:7      | Reached XP level 9. HP: 48/49 MP: 7/15
 11540 | D:7      | Reached skill level 12 in Air Magic
 11848 | D:7      | Reached * piety under Sif Muna
 12313 | D:8      | Reached skill level 13 in Air Magic
 12661 | D:8      | Noticed Grum
 12676 | D:8      | Killed Grum
 12691 | D:8      | Reached skill level 5 in Spellcasting
 12944 | D:8      | Reached skill level 14 in Air Magic
 12950 | D:8      | Reached XP level 10. HP: 53/56 MP: 4/18
 12952 | D:8      | Reached skill level 15 in Air Magic
 13409 | D:9      | Identified a scroll of acquirement
 13410 | D:9      | Acquired a book of the Sky
 13423 | D:8      | Learned a level 4 spell: Summon Lightning Spire
 13535 | D:9      | Reached skill level 1 in Summonings
 13651 | D:9      | Reached skill level 16 in Air Magic
 13840 | D:8      | Reached skill level 17 in Air Magic
 14058 | D:9      | Reached XP level 11. HP: 40/60 MP: 2/19
 14065 | D:9      | Reached ** piety under Sif Muna
 14067 | D:9      | Reached skill level 18 in Air Magic
 14859 | D:9      | Learned a level 3 spell: Mephitic Cloud
 15158 | D:9      | Reached skill level 19 in Air Magic
 15503 | D:10     | Entered Level 10 of the Dungeon
 15594 | D:10     | Found a runed translucent gate.
 15595 | D:10     | Found a runed translucent gate.
 15596 | D:10     | Found a runed translucent gate.
 15692 | D:10     | Noticed a boulder beetle
 16163 | D:10     | Found Fuusan's Distillery.
 16163 | D:10     | Found Nirizov's Antique Weapon Shoppe.
 16164 | D:10     | Found Kecad's Book Emporium.
 16180 | D:10     | Noticed a tengu warrior
 16195 | D:10     | Killed a tengu warrior
 16557 | D:10     | Killed a boulder beetle
 17146 | D:10     | Noticed a two-headed ogre
 17175 | D:10     | Noticed a two-headed ogre
 17182 | D:10     | Killed a two-headed ogre
 17226 | D:10     | Killed a two-headed ogre
 17227 | D:10     | Reached skill level 20 in Air Magic
 17293 | D:10     | Reached skill level 5 in Dodging
 17862 | D:10     | Noticed zazu2006's ghost (journeyman GnWz)
 17865 | D:10     | Found a viscous altar of Jiyva.
 17900 | D:11     | Noticed an eight-headed hydra
 18036 | D:11     | Acquired a +1 buckler of protection
 18068 | D:11     | Found a staircase to the Orcish Mines.
 18328 | D:11     | Reached XP level 12. HP: 64/64 MP: 12/20
 18490 | D:11     | Reached *** piety under Sif Muna
 18634 | D:11     | Noticed a four-headed hydra
 18639 | D:11     | Killed a four-headed hydra
 18845 | D:11     | Found a staircase to the Lair.
 19132 | D:11     | Noticed Fannar
 19141 | D:11     | Killed Fannar
 19624 | D:11     | Reached skill level 21 in Air Magic
 19650 | D:11     | Noticed Psyche
 19656 | D:11     | Killed Psyche
 19842 | D:11     | Killed an eight-headed hydra
 20024 | Lair:1   | Entered Level 1 of the Lair of Beasts
 20025 | Lair:1   | Noticed an eight-headed hydra
 20657 | D:11     | Killed an eight-headed hydra
 21025 | Lair:1   | Reached skill level 22 in Air Magic
 21119 | Lair:1   | Noticed Sonja
 21240 | Lair:1   | Noticed a four-headed hydra
 21347 | D:11     | Acquired a staff of air
 21365 | D:11     | Gained mutation: Your magical capacity is low. (-10% MP)
                  | [mutagenic glow]
 21415 | D:11     | Lost mutation: Your magical capacity is low. (-10% MP)
                  | [potion of mutation]
 21415 | D:11     | Gained mutation: Your flesh is cold resistant. (rC+)
                  | [potion of mutation]
 21569 | D:11     | Killed Sonja
 21697 | Lair:1   | Killed a four-headed hydra
 21698 | Lair:1   | Reached XP level 13. HP: 46/68 MP: 10/21
 22613 | Lair:2   | Reached skill level 23 in Air Magic
 24676 | Lair:3   | You are sucked into a shaft and drop 3 floors!
 24676 | Lair:6   | Entered Level 6 of the Lair of Beasts
 24923 | Lair:5   | Found a gate leading to a gauntlet.
 24994 | Lair:5   | Found a staircase to the Slime Pits.
 25006 | Gauntlet | Entered a Gauntlet
 25006 | Gauntlet | Found a transporter.
 25006 | Gauntlet | Found a transporter.
 25006 | Gauntlet | Found a transporter.
 25026 | Gauntlet | Found a transporter.
 25028 | Gauntlet | Found a transporter.
 25035 | Gauntlet | Found a runed translucent door.
 25038 | Gauntlet | Found a transporter.
 25039 | Gauntlet | Found a transporter.
 25047 | Gauntlet | Found a transporter.
 25067 | Gauntlet | Found a transporter.
 25087 | Gauntlet | Found a transporter.
 25088 | Gauntlet | Found a transporter.
 25099 | Gauntlet | Found a transporter.
 25174 | Gauntlet | Reached **** piety under Sif Muna
 25226 | Gauntlet | Identified the +1 leather armour of Resilience {Drain rF+++
                  | MP+9 Stlth+}
 25292 | Gauntlet | Reached skill level 5 in Fighting
 25388 | Gauntlet | HP: 6/72 [death scarab (22)]
 25389 | Gauntlet | Slain by a death scarab

Illustrated notes

Levels and vault maps discovered:
D:1:      co_arrival_random_square_maze, layout_basic
D:2:      layout_loops_ring, hellmonk_ecumenical_altar_dog_temple, basic_altar,
          patterned_corridor, uniq_crazy_yiuf_cottage
D:3:      layout_loops_ring, kennysheep_generic_room_2, uniq_jessica
D:4:      layout_basic, general_overflow_altar, serial_shops, shop,
          guppyfry_early_orc_mine
D:5:      layout_rooms, mainiacjoe_overflow_alcove_1, serial_shops,
          nicolae_lakefront_shop, nicolae_shop_behind_doors, shop
D:6:      layout_basic
D:7:      layout_loops_ring, grunt_temple_overflow_growth_and_decay,
          lemuel_mausoleum_altar_yredelemnul, elyvilon_altar_4,
          minmay_temple_entry_hall, serial_shops, shop
D:8:      layout_loops_ring, uniq_grum
D:9:      cheibrodos_grave_circle, layout_basic
D:10:     layout_basic, gammafunk_ghost_ooze, nrook_campfire,
          minmay_misc_feat_chi, grunt_decor_clamped, nicolae_wooded_promenade,
          st_stairs_2, minivault_1, hangedman_decor_push
D:11:     layout_roguey, grunt_lair_entry_orc_guard_hut, david_orc_1_choice,
          uniq_fannar, uniq_psyche
Temple:   nicolae_temple_elliptical
Lair:1:   layout_cave_shapes, serial_bayou_shore_a, uniq_sonja
Lair:2:   layout_small_grid, lemuel_fruit_fields
Lair:3:   layout_cave_pods
Lair:5:   layout_regular_city, minmay_slime_entry_jelly_boxes,
          gauntlet_entry_generic, st_stairs_7
Lair:6:   cheibrodos_lair_end_hotspot, layout_gridlike, serial_bayou_shore_b
Gauntlet: minmay_gauntlet_mixed_big_or_small [nicolae_gauntlet_arena_t_cross,
          minmay_gauntlet_arena_77_checkered,
          nicolae_gauntlet_arena_flowing_pool, minmay_gauntlet_arena_77_path,
          nicolae_gauntlet_arena_grate_2, minmay_gauntlet_arena_77_block_sizes,
          gauntlet_exit_hidden_loot]

Skill      XL: |  1  2  3  4  5  6  7  8  9 10 11 12 13 |
---------------+----------------------------------------+-----
Air Magic      | 5 6 7 8 9 11 14 17 20 22 23 | 23.7
Poison Magic   | 1 2 |  2.0
Evocations     | 1 |  1.8
Shields        | 3 4 |  4.0
Fighting       | 2 3 5 |  5.0
Spellcasting   | 3 5 6 |  6.2
Summonings     | 4 |  4.0
Dodging        | 5 8 |  8.0
Stealth        | |  2.5
Conjurations   | |  1.7

Action                   |  1- 3 |  4- 6 |  7- 9 | 10-12 | 13-15 || total
-------------------------+-------+-------+-------+-------+-------++-------
Melee: Unarmed           |     9 |     1 |       |       |       ||    10
       Kick              |     6 |       |    13 |    50 |    12 ||    81
       Peck              |     1 |     2 |    13 |    27 |    11 ||    54
       Hand axe          |       |     3 |    49 |   120 |       ||   172
       Staff             |       |       |       |     7 |    27 ||    34
Throw: Dart              |     5 |     3 |     3 |       |       ||    11
 Cast: Shock             |   114 |    78 |    85 |    48 |    97 ||   422
       Poisonous Vapours |     4 |    53 |   100 |   117 |     5 ||   279
       Airstrike         |       |     1 |    24 |    52 |     2 ||    79
       Static Discharge  |       |       |    16 |    15 |     7 ||    38
       Summon Lightning  |       |       |       |    50 |    25 ||    75
       Mephitic Cloud    |       |       |       |     7 |     3 ||    10
Evoke: Wand              |       |       |       |     4 |       ||     4
       Phial of floods   |       |       |       |     1 |       ||     1
  Use: Scroll            |       |       |    11 |    10 |     5 ||    26
       Potion            |       |       |       |     2 |     1 ||     3
 Stab: Sleeping          |       |       |     1 |       |       ||     1
       Distracted        |       |       |       |     2 |     2 ||     4
       Confused          |       |       |       |     1 |     2 ||     3
Armor: Robe              |     4 |     2 |    23 |    39 |    18 ||    86
       Leather armour    |       |       |       |       |     1 ||     1
Dodge: Dodged            |    12 |    28 |   129 |   311 |   128 ||   608
Block: Buckler           |       |       |    70 |   119 |    35 ||   224

Table legend: (Time is in decaauts)
 A = Elapsed time spent in this place.
 B = Non-inter-level travel time spent in this place.
 C = Inter-level travel time spent in this place.
 D = Time resting spent in this place.
 E = Time spent auto-exploring this place.
 F = Levels seen in this place.
 G = Mean time per level.
                   A        B        C        D        E       F      G
               +--------+--------+--------+--------+--------+-----+--------+
         Total |  24550 |  23982 |    568 |   3514 |  17149 |  18 | 1363.9 |
       Dungeon |  20691 |  20226 |    465 |   2955 |  14668 |  11 | 1881.0 |
        Temple |     80 |     52 |     28 |      0 |     39 |   1 |   80.0 |
          Lair |   3412 |   3339 |     73 |    493 |   2272 |   5 |  682.4 |
      Gauntlet |    366 |    366 |      0 |     66 |    169 |   1 |  366.0 |
               +--------+--------+--------+--------+--------+-----+--------+

Top non-repeatable levels by time:
    D:11: 3455 daAuts
    D:10: 2275 daAuts
     D:2: 2000 daAuts
     D:7: 1830 daAuts
     D:9: 1793 daAuts
     D:3: 1736 daAuts
     D:1: 1708 daAuts
     D:4: 1673 daAuts
  Lair:2: 1655 daAuts
     D:6: 1642 daAuts
     D:8: 1457 daAuts
     D:5: 1119 daAuts
  Lair:1: 930 daAuts
  Lair:3: 499 daAuts
Gauntlet: 366 daAuts
